[Event "Eurasia Open Cup 2018"]
[Site "Jekaterienburg"]
[Date "2018.08.07"]
[Round "6"]
[White "Gutenev, Alexander"]
[Black "Shapiro, David"]
[Result "1-0"]
[ECO "C42"]
[WhiteElo "2470"]
[BlackElo "2326"]
[Annotator "ChessBase"]
[PlyCount "135"]
[EventDate "2018.08.01"]
[EventType "swiss"]
[EventCountry "RUS"]
[SourceTitle "playchess.com"]
[Source "ChessBase"]
[SourceQuality "1"]
[TimeControl "5400+30"]

1. e4 e5 2. Nf3 Nf6 3. Nxe5 d6 4. Nf3 Nxe4 5. Nc3 Nxc3 6. dxc3 Be7 7. Be3 Nd7 8. Qd2 O-O 9. O-O-O Ne5 10. Nd4 c5 11. Nb5 Qa5 12. Na3 Be6 13. f4 Ng4 14. h3 Nxe3 15. Qxe3 Rfe8 16. Bb5 Rec8 17. f5 Qd8 18. Qe4 Bxa2 19. b3 c4 20. Kb2 cxb3 21. cxb3 Bxb3 22. Kxb3 Bf6 23. Rd3 d5 24. Qxd5 Rxc3+ 25. Ka2 Qa5 26. Rxc3 Qxc3 27. Qb3 Qd2+ 28. Qc2 Qa5 29. Bc4 Be7 30. Qb3 Rd8 31. Rb1 Rd2+ 32. Rb2 Rxb2+ 33. Kxb2 Qxf5 34. Qxb7 Qe5+ 35. Ka2 g6 36. Qxa7 Kg7 37. Nc2 Qf6 38. Kb3 Bd8 39. Qd7 Qe7 40. Qd5 Bc7 41. Nb4 Bd6 42. Nd3 h5 43. Kc3 Bc7 44. Kd2 Bd6 45. Kd1 Bc7 46. Bb3 Bd6 47. Nf2 Bc7 48. Ne4 Qd8 49. Ng5 Kf6 50. Qxd8+ Bxd8 51. Nxf7 Bc7 52. Ke2 Kf5 53. Kf3 Kf6 54. Ke4 Ba5 55. Nd6 Bb4 56. Nc4 Bc3 57. Bc2 Ba1 58. Ne3 g5 59. Nd5+ Kg6 60. Ba4 Bb2 61. Be8+ Kh6 62. Ne7 h4 63. Nf5+ Kh7 64. Bf7 Bc3 65. Kf3 Bb2 66. Kg4 Bc1 67. Kh5 Kh8 68. Kg6 1-0

[Event "Eurasia Open Cup 2018"]
[Site "Jekaterienburg"]
[Date "2018.08.07"]
[Round "6"]
[White "Fotin, Vladimir"]
[Black "Isanzhulov, Arystan"]
[Result "0-1"]
[ECO "E61"]
[WhiteElo "2359"]
[BlackElo "2146"]
[Annotator "NA"]
[PlyCount "160"]
[EventDate "2018.08.01"]
[EventType "swiss"]
[EventCountry "RUS"]
[SourceTitle "playchess.com"]
[Source "ChessBase"]
[SourceQuality "1"]
[TimeControl "5400+30"]

1. d4 Nf6 2. Nf3 d6 3. c4 g6 4. Nc3 Bf5 5. Nh4 Bd7 6. e4 e5 7. Nf3 {[%emt 0:00:32] E61: King's Indian: Early deviations for White, including Smyslov System} (7. dxe5 dxe5 8. Nf3 Nc6 9. Be2 Bg7 10. O-O O-O 11. h3 Be6 12. Be3 Qxd1 13. Rfxd1 Rfd8 14. Nd5 Nxe4 15. Nxc7 Rac8 16. Nxe6 fxe6 17. Bd3 Nf6 18. Ng5 Nb4 19. Bf1 Nc2 20. Nxe6 Rxd1 21. Rxd1 Nxe3 22. fxe3 {½-½ (97) Li,C (2751)-Mamedov,R (2650) Huaian 2016}) 7... exd4 8. Nxd4 Bg7 9. Be2 O-O 10. O-O Nc6 11. Be3 Re8 12. f3 a5 13. Ndb5 Be6 $146 ({Predecessor:} 13... Ne5 14. Qd2 Be6 {1-0 (42) Urban,K (2450)-Benoit,M (2250) Bagneux 1993}) 14. Qd2 Nb4 15. Rfd1 Nd7 16. a3 Na6 17. Rab1 Qe7 (17... f5 $14) 18. Nd4 Ne5 19. b3 Nc6 20. Ndb5 f5 $16 21. exf5 Bxf5 22. Nd5 Qf7 23. Bd3 Bxd3 24. Qxd3 Ne5 25. Qc2 Re6 26. Nd4 Ree8 27. Bf2 Rf8 28. Re1 Rae8 29. h3 Nc5 30. Rbd1 c6 31. Nc3 a4 32. b4 Nb3 33. Ne4 Rd8 34. Nxb3 axb3 35. Qxb3 Qxc4 36. Qxc4+ Nxc4 37. Bh4 Rd7 38. Nc5 Rdf7 39. Ne6 Re8 40. Nxg7 Rxe1+ 41. Rxe1 Kxg7 42. a4 Nb6 43. a5 Nd5 44. Bg3 Rd7 45. Rb1 Nc3 46. Rb2 Kf7 47. Be1 Nb5 48. Kf2 Re7 49. g4 Re5 50. Ra2 Ke6 51. a6 bxa6 52. Rxa6 Kd5 53. Bd2 Re7 54. h4 Ra7 55. Rxa7 Nxa7 56. Ke3 Nb5 57. h5 gxh5 58. gxh5 Ke5 59. h6 Nc7 60. Kd3 Ne6 61. Kc4 Kf5 62. Kd3 Ng5 63. Ke3 Kg6 64. Kf4 Nf7 65. Ke4 Nxh6 66. Bf4 Nf7 67. Bg3 Kf6 68. Bh4+ Ke6 69. Kd4 Kf5 70. Bg3 h5 71. Kd3 Ne5+ 72. Ke3 d5 73. Bf2 Nc4+ 74. Kd4 Ne5 75. b5 Nxf3+ 76. Kc5 cxb5 77. Kxd5 b4 78. Kc4 Ne5+ 79. Kb3 Kg4 80. Bd4 Nc6 0-1

[Event "Eurasia Open Cup 2018"]
[Site "Jekaterienburg"]
[Date "2018.08.07"]
[Round "6"]
[White "Obgolts, Erik"]
[Black "Kozionov, Kirill"]
[Result "1/2-1/2"]
[ECO "B51"]
[WhiteElo "2334"]
[BlackElo "2461"]
[Annotator "ChessBase"]
[PlyCount "129"]
[EventDate "2018.08.01"]
[EventType "swiss"]
[EventCountry "RUS"]
[SourceTitle "playchess.com"]
[Source "ChessBase"]
[SourceQuality "1"]
[TimeControl "5400+30"]

1. e4 c5 2. Nf3 d6 3. Bb5+ Nd7 4. O-O a6 5. Bd3 Ngf6 6. Re1 b5 7. c4 Ne5 8. Bf1 Nxc4 9. a4 Bd7 10. d4 cxd4 11. Nxd4 e5 12. axb5 exd4 13. Bxc4 axb5 14. Rxa8 Qxa8 15. Bb3 Be7 16. Qxd4 O-O 17. Nc3 Bc6 18. Bf4 Rd8 19. h3 Nh5 20. Nd5 Bxd5 21. Bxd5 Qc8 22. Be3 Nf6 23. Rc1 Qb8 24. Bb3 Rc8 25. Rxc8+ Qxc8 26. e5 dxe5 27. Qxe5 Qb7 28. g4 Ne8 29. Bc2 Nd6 30. Bc5 Qc7 31. b4 Bf8 32. Bb3 Qd8 33. Bd5 Qd7 34. Bf3 h6 35. Kg2 Qd8 36. Qd5 Qf6 37. Kg3 Be7 38. Bd4 Qg6 39. Bc5 Qf6 40. Kg2 Bf8 41. h4 Qf4 42. Qd4 Qxd4 43. Bxd4 Ne8 44. Bc6 Nc7 45. Be5 Na6 46. Bxb5 Nxb4 47. Bc4 Nc6 48. Bc7 Be7 49. h5 Nd4 50. f4 Kf8 51. Bb6 Ne6 52. Kf3 Bf6 53. Ke4 Bb2 54. Be3 Bf6 55. Bc1 Kg8 56. Kd5 Kf8 57. Bd2 Bh4 58. Ke4 Bf6 59. Bb4+ Be7 60. Bc3 Bd6 61. Bxe6 fxe6 62. g5 hxg5 63. fxg5 g6 64. hxg6 Kg8 65. Bf6 1/2-1/2

[Event "Eurasia Open Cup 2018"]
[Site "Jekaterienburg"]
[Date "2018.08.07"]
[Round "6"]
[White "Grachev, Alexey"]
[Black "Makhmutov, Rail"]
[Result "1-0"]
[ECO "C24"]
[WhiteElo "2277"]
[BlackElo "2416"]
[Annotator "NA"]
[PlyCount "96"]
[EventDate "2018.08.01"]
[EventType "swiss"]
[EventCountry "RUS"]
[SourceTitle "playchess.com"]
[Source "ChessBase"]
[SourceQuality "1"]
[TimeControl "5400+30"]

1. e4 e5 2. Nf3 Nc6 3. Bc4 Bc5 4. O-O Nf6 5. d3 O-O 6. h3 d5 7. exd5 Nxd5 8. Nbd2 {[%emt 0:02:01] C24: Bishop's Opening: 2...Nf6} (8. Re1 Be6 9. c3 Bb6 10. Bb3 Re8 11. Na3 f6 12. d4 exd4 13. c4 Ndb4 14. c5 Bxb3 15. Qxb3+ Qd5 16. Qxd5+ Nxd5 17. cxb6 Rxe1+ 18. Nxe1 axb6 {1-0 (30) Volokitin,A (2632)-Shirov,A (2644) Berlin 2018}) 8... Kh8 9. Re1 f6 10. c3 Nb6 $146 ({Predecessor:} 10... a6 11. Nb3 Ba7 12. d4 b5 13. Bf1 Re8 14. a4 bxa4 15. Rxa4 e4 {1-0 (29) Vevera,R (2077)-Bargel,M (2101) Rakovnik 2014}) 11. Bb5 a6 12. Bxc6 bxc6 13. d4 exd4 14. Ne4 Be7 15. Nxd4 c5 16. Nc6 Qxd1 17. Rxd1 Bb7 18. Nxe7 Bxe4 19. Re1 Bd3 20. b3 Rfe8 21. c4 Nc8 $1 22. Re3 Rxe7 23. Rxd3 Re1+ 24. Kh2 Nd6 25. Bb2 Re2 26. Ba3 Rxf2 (26... Nb7 $14) 27. Bxc5 Rc2 28. Bxd6 cxd6 $16 29. Rxd6 h6 30. Rd3 Re8 31. a3 a5 32. a4 Ree2 33. Rg3 f5 34. Rf1 Re5 35. h4 Kh7 36. Rf4 Rc1 37. Rgf3 Kg6 38. Rd3 Rb1 39. Rg3+ Kh5 40. Rxg7 Rxb3 41. g3 Re2+ 42. Kh3 Rxg3+ 43. Kxg3 Rg2+ 44. Kf3 Rg3+ 45. Ke2 Re3+ 46. Kf1 Re1+ 47. Kg2 Rg1+ 48. Kf2 Rf1+ 1-0